 Dungeon Crawl Stone Soup version 0.26-a0-597-gb535b0901c (webtiles) character file.

Game seed: 12370092246242647966

17 Lanoc the Skirmisher (level 2, 0/16 HPs)
             Began as a Vine Stalker Fighter on Sept 2, 2020.
             Was an Initiate of Wu Jian.
             Slain by Crazy Yiuf
             ... wielding a +2 quarterstaff of chaos
              (10 damage)
             ... on level 2 of the Dungeon.
             The game lasted 00:00:52 (911 turns).

Lanoc the Skirmisher (Vine Stalker Fighter)          Turns: 911, Time: 00:00:53

Health: 0/16       AC:  6    Str: 18    XL:     2   Next: 62%
Magic:  0/3        EV:  7    Int:  8    God:    Wu Jian [......]
Gold:   88         SH:  9    Dex: 13    Spells: 1/1 levels left

rFire    . . .     SeeInvis .   a - +0 long sword
rCold    . . .     Faith    .   c - +0 kite shield
rNeg     . . .     Spirit   +   b - +0 scale mail
rPois    .         Reflect  .   (no helmet)
rElec    .         Harm     .   (no cloak)
rCorr    .                      (no gloves)
MR       .....                  (no boots)
Stlth    ..........             (no amulet)
HPRegen  0.05/turn              (no ring)
MPRegen  0.08/turn              (no ring)

@: no status effects
A: fangs 2, magic shield, antimagic bite, no potion heal 3, rot immunity
a: Renounce Religion


You were on level 2 of the Dungeon.
You worshipped Wu Jian.
Wu Jian was noncommittal.
You visited 1 branch of the dungeon, and saw 2 of its levels.

You collected 88 gold pieces.

Inventory:

Hand Weapons
 a - a +0 long sword (weapon)
Armour
 b - a +0 scale mail (worn)
 c - a +0 kite shield (worn)
Scrolls
 e - 2 scrolls of random uselessness {unknown}
 g - a scroll of magic mapping {unknown}
 i - a scroll of enchant armour {unknown}
 k - a scroll of identify {unknown}
Potions
 d - a potion of might
 f - 2 potions of flight {unknown}
 h - a potion of brilliance {unknown}
 j - a potion of berserk rage {unknown}


   Skills:
 + Level 2.9 Fighting
 - Level 1.7 Long Blades
 + Level 2.6 Armour
 + Level 0.6 Dodging
 + Level 2.9 Shields


You had one spell level left.
You didn't know any spells.
Your spell library was empty.

Dungeon Overview and Level Annotations

Branches:
Dungeon (2/15)

Altars:
Wu Jian

Annotations:
D:2 Crazy Yiuf


Innate Abilities, Weirdness & Mutations

You have extremely sharp teeth.
When hurt, damage is shared between your health and your magic reserves.
Your bite disrupts and absorbs the magic of your enemies.
Potions cannot restore your health.
You are immune to rotting.


Message History

Found 18 poisoned darts.
You now have 71 gold pieces (gained 5).
You see here 18 poisoned darts.
k - a scroll labeled YLIUF BIPARA You now have 88 gold pieces (gained 17).
Found four maces.
Found a runed translucent door.
Crazy Yiuf shouts!
You see here a mace.
Found a mace.
You see here a mace.
You open the door. You barely miss Crazy Yiuf.
You bite Crazy Yiuf, but do no damage. You block Crazy Yiuf's attack.
Crazy Yiuf hits you with a +2 quarterstaff of chaos.
Crazy Yiuf freezes you.
You hit Crazy Yiuf. Your bite misses Crazy Yiuf.
Crazy Yiuf is moderately wounded.
Crazy Yiuf hits you with a +2 quarterstaff of chaos!
Ouch! That really hurt!
You die...

#......###....####........#
####.### #....# #......### #..
♣....♣ #.....(# #### ### ♣...♣♣
#.##...# .... ♣♣.♣♣ #......#####
.# # ♣.♣♣ #.##.......# .# .# ♣♣)♣
#.##........ .###.# ♣.♣♣
#..........# .....## ♣♣@♣
####.(.....# .#>..... #g#
#..(....# ..# #.#.##.# )..
#.<.(.... .####.#..#.# #..)#
#........ .........#.# #..)#
####.#### .#.........# #####
####..#### ..##.......#
###.........
.###.##...############.#.##.#.###
..##.##.......†.............#.#..


You could see Crazy Yiuf.

Vanquished Creatures
  A worm (D:2)
  A goblin (D:2)
  2 hobgoblins (D:2)
  A quokka (D:2)
  2 bats (D:1)
  A frilled lizard (D:1)
  5 kobolds (D:2)
  2 rats
15 creatures vanquished.

Notes
Turn   | Place    | Note
-------+----------+-------------------------------------------
     0 | D:1      | Lanoc the Vine Stalker Fighter began the quest for the Orb.
     0 | D:1      | Reached XP level 1. HP: 11/11 MP: 2/2
   232 | D:2      | Found an ornate altar of the Wu Jian Council.
   247 | D:2      | Became a worshipper of the Wu Jian Council
   258 | D:2      | Reached XP level 2. HP: 13/16 MP: 3/3
   905 | D:2      | Found a runed translucent door.
   906 | D:2      | Noticed Crazy Yiuf
   911 | D:2      | Slain by Crazy Yiuf

Illustrated notes

Levels and vault maps discovered:
D:1:      roderic_chinese_lattice_arrival, layout_basic
D:2:      layout_loops_cross, old_standard_altar, st_stairs_11,
          kennysheep_generic_room_7, uniq_crazy_yiuf_cottage

Action                   || total
-------------------------++-------
Melee: Long sword        ||    43
       Bite              ||    11
Invok: Lunge             ||     2
Armor: Scale mail        ||    12
Dodge: Dodged            ||    11
Block: Kite shield       ||    28
       Rpst.: Long sword ||     4

Table legend: (Time is in decaauts)
 A = Elapsed time spent in this place.
 B = Non-inter-level travel time spent in this place.
 C = Inter-level travel time spent in this place.
 D = Time resting spent in this place.
 E = Time spent auto-exploring this place.
 F = Levels seen in this place.
 G = Mean time per level.
                   A        B        C        D        E       F      G
               +--------+--------+--------+--------+--------+-----+--------+
         Total |    926 |    926 |      0 |      0 |    801 |   2 |  463.0 |
       Dungeon |    926 |    926 |      0 |      0 |    801 |   2 |  463.0 |
               +--------+--------+--------+--------+--------+-----+--------+

Top non-repeatable levels by time:
     D:2: 795 daAuts
     D:1: 131 daAuts
